 Dungeon Crawl Stone Soup version 0.20.1-1-g8b1a95d (webtiles) character file.

57290 Jannitor the Covert (level 14, 0/132 HPs)
             Began as a Naga Ice Elementalist on Aug 24, 2017.
             Was a High Priest of Cheibriados.
             Slain by a bone dragon (9 damage)
             ... on level 3 of the Abyss on Aug 25, 2017.
             The game lasted 01:16:03 (27115 turns).

Jannitor the Covert (Naga Ice Elementalist)        Turns: 27115, Time: 01:16:03

Health: 0/132      AC: 15    Str: 23      XL:     14   Next: 85%
Magic:  1/36       EV: 20    Int: 34      God:    Cheibriados [*****.]
Gold:   1232       SH:  0    Dex: 26 (27) Spells: 16/31 levels left

rFire    . . .     SeeInvis +   i - +1 quarterstaff
rCold    + . .     Gourm    .   (shield currently unavailable)
rNeg     . . .     Faith    .   M - +2 robe {rF+}
rPois    +         Spirit   .   N - +2 hat {Int+3}
rElec    .         Reflect  .   q - scarf {cloud immunity}
rCorr    .         Harm     .   w - +0 pair of gloves
MR       +....     Clarity  +   (no barding)
Stlth    +++++++...             (no amulet)
Regen    0.4/turn               F - ring of ice
MPRegen  0.3/turn               P - ring of magical power

@: agile, very slow
A: beak, slimy green scales 1, thin metallic scales 1, see invisible, clarity,
deformed body, poison resistance, slowness 2, slow metabolism 1, spit poison 2,
constrict 1, AC +4
a: Breathe Poison Gas, Bend Time, Temporal Distortion, Slouch, Step From Time,
Renounce Religion


You were on level 3 of the Abyss.
You worshipped Cheibriados.
Cheibriados was extremely pleased with you.
You were hungry.

You visited 2 branches of the dungeon, and saw 17 of its levels.
You visited the Abyss 1 time.
You also visited: Ossuary.

You collected 1232 gold pieces.

Inventory:

Hand Weapons
 d - a +0 dagger
 i - a +1 quarterstaff (weapon)
Armour
 a - a +0 robe
 f - a cursed +0 scale mail
 m - a +2 scale mail of magic resistance
 q - a scarf of cloud immunity (worn)
 u - a +2 leather armour of magic resistance
 w - a +0 pair of gloves (worn)
 x - the +1 ring mail of the Gravedigger {Str+6 Int-3}
   (You found it on level 5 of the Dungeon)

   It affects your strength (+6).
   It affects your intelligence (-3).
 M - a +2 robe of fire resistance (worn)
 N - a +2 hat of intelligence (worn)
Magical Staves
 s - an uncursed staff of death
Jewellery
 F - a ring of ice (left hand)
 P - a ring of magical power (right hand)
 S - an uncursed ring of flight
Wands
 l - a wand of digging (11/24)
 n - a wand of digging (12/24)
 p - a wand of paralysis (1/24)
 A - a wand of enslavement (9/24)
 G - a wand of confusion (22/48)
 H - a wand of polymorph (15/24)
 I - a wand of iceblast (10/15)
 K - a wand of digging (13/24)
 O - a wand of lightning (7/15)
 R - a wand of confusion (30/48)
 V - a wand of disintegration (10/24)
Scrolls
 e - 9 scrolls of identify
 g - 6 scrolls of remove curse
 k - 7 scrolls of enchant armour
 o - 2 scrolls of enchant weapon
 r - 2 scrolls of fog
 z - 9 scrolls of amnesia
 T - a scroll of magic mapping
Potions
 D - 3 potions of brilliance
 E - 3 potions of flight
Books
 b - a book of Frost

   Spells                             Type                      Level
   a - Freeze                         Ice                          1
   b - Throw Frost                    Conjuration/Ice              2
   c - Ozocubu's Armour               Charms/Ice                   3
   d - Throw Icicle                   Conjuration/Ice              4
   e - Summon Ice Beast               Ice/Summoning                4
 j - a book of Necromancy

   Spells                             Type                      Level
   a - Pain                           Necromancy                   1
   b - Animate Skeleton               Necromancy                   1
   c - Vampiric Draining              Necromancy                   3
   d - Regeneration                   Charms/Necromancy            3
   e - Animate Dead                   Necromancy                   4
   f - Control Undead                 Necromancy                   4
 J - a book of Maledictions

   Spells                             Type                      Level
   a - Corona                         Hexes                        1
   b - Ensorcelled Hibernation        Hexes/Ice                    2
   c - Confuse                        Hexes                        3
   d - Tukima's Dance                 Hexes                        3
   e - Dazzling Spray                 Conjuration/Hexes            3
 U - a book of Dreams

   Spells                             Type                      Level
   a - Ensorcelled Hibernation        Hexes/Ice                    2
   b - Silence                        Hexes/Air                    5
   c - Darkness                       Hexes                        6
   d - Shadow Creatures               Summoning                    6
Comestibles
 c - 13 bread rations
 t - 3 royal jellies
 v - 8 meat rations
 B - 2 fruits


   Skills:
 - Level 10.1 Fighting
 - Level 9.5 Staves
 - Level 5.8 Armour
 - Level 6.3 Dodging
 + Level 11.8 Stealth
 - Level 9.4 Spellcasting
 - Level 5.6 Conjurations
 - Level 4.2 Charms
 - Level 3.3 Summonings
 - Level 8.4 Ice Magic
 - Level 11.1 Invocations


You had 16 spell levels left.
You knew the following spells:

 Your Spells              Type           Power        Failure   Level  Hunger
a - Freeze                Ice            ####         1%          1    None
b - Ozocubu's Armour      Chrm/Ice       ######..     1%          3    None
c - Throw Icicle          Conj/Ice       #######.     1%          4    None
d - Summon Ice Beast      Ice/Summ       ######..     2%          4    None
e - Regeneration          Chrm/Necr      ####......   3%          3    None


Dungeon Overview and Level Annotations

Branches:
Dungeon (11/15)            Temple (0/1) D:6            Lair (6/6) D:10
 Shoals (0/4) Lair:4       Spider (0/4) Lair:2        Slime (0/5) Lair:5
    Orc: D:9-12

Altars:
Ashenzari
Cheibriados
Dithmenos
Hepliaklqana
Nemelex Xobeh
Ru
Trog
Xom
Zin
Jiyva

Shops:
D:10 %

Annotations:
D:3 letownia's ghost, amateur OpTm
D:5 letownia's ghost, weakling OpTm
D:6 exclusion: 2 wights
Abyss:3 1 transporter


Innate Abilities, Weirdness & Mutations

You cannot wear boots.
Your serpentine skin is tough. (AC +4)
You have supernaturally acute eyesight. (SInv)
Armour fits poorly on your strangely shaped body.
Your system is resistant to poisons. (rPois)
You cover ground very slowly.
You have a slow metabolism.
You can exhale a cloud of poison.
You can use your snake-like lower body to constrict enemies.
You have a beak for a mouth.
You are partially covered in slimy green scales. (AC +2)
You are partially covered in thin metallic scales. (AC +2)
You possess an exceptional clarity of mind.


Message History

You hit the thrashing horror. You peck the thrashing horror.
The thrashing horror is lightly damaged.
The thrashing horror closely misses you.
The thrashing horror tramples you but does no damage.
A tentacled starspawn comes into view.
Okay, then.
Okay, then.
Unknown command.
Okay, then.
Unknown command.
You hit the bone dragon but do no damage.
You peck the bone dragon, but do no damage.
The bone dragon completely misses you. The bone dragon claws you!
* * * LOW HITPOINT WARNING * * *
The bone dragon tramples you but does no damage.
Unknown command.
You hit the bone dragon but do no damage.
The worldbinder calls forth creatures from the Shoals!
The bone dragon bites you!
You die...

.... # .. #..
..# . #... #.
... .#..## #
# ...X ... .#
.## .#$.X
####.##'#..#.
...........
e.....# ##
.#..####. ##
#.# #.X# ##
#### .# #§#D#
.#. # #@# . #
.......## #
..H#§.. ###
..... ≈...x..
....k..
≈......
≈......


You could see a bone dragon, a tentacled starspawn, a wind drake, a manticore, a
thrashing horror and a worldbinder.

Vanquished Creatures
  A ghost moth (Abyss:3)
  7 hydras
  A rakshasa (Abyss:3)
  Harold (D:10)
  5 death yaks
  A thrashing horror (Abyss:3)
  Nergalle (Lair:2)
  A wretched star (Abyss:3)
  An unseen horror (D:10)
  A lindwurm (Lair:4)
  2 worldbinders (Abyss:3)
  15 elephants
  Joseph (D:8)
  4 black mambas
  An orange demon (Abyss:3)
  A centaur skeleton (D:10)
  2 komodo dragons
  14 spiny frogs
  2 rime drakes
  3 polar bears (Lair:6)
  An ancient zyme (Abyss:3)
  4 hornets (Lair:6)
  9 hippogriffs
  A slime creature (Lair:5)
  8 dream sheep (Lair:6)
  Sigmund (D:5)
  14 spriggans
  9 yaks
  2 basilisks (Lair:4)
  A wyvern (D:5)
  A ynoxinul (Abyss:3)
  2 large abominations (Abyss:3)
  A chaos spawn (Abyss:3)
  A hungry ghost (D:8)
  2 steam dragons
  Edmund (D:5)
  12 water moccasins
  4 small abominations (Abyss:3)
  8 porcupines
  5 orc warriors
  5 sky beasts
  3 necrophages (Lair:3)
  5 black bears
  2 ice beasts
  3 boggarts (Lair:6)
  12 centaurs
  16 wolves
  16 crocodiles
  15 bullfrogs
  A wyvern zombie (D:10)
  3 scorpions
  12 killer bees
  3 wights (D:10)
  6 howler monkeys
  3 crimson imps
  A quasit (D:10)
  6 hounds
  2 bullfrog zombies
  A jelly (D:7)
  6 orc wizards
  5 orc priests
  A bullfrog skeleton (D:6)
  2 iguanas
  9 worker ants
  A hound skeleton (D:8)
  A gnoll (D:1)
  10 adders
  3 shadow imps
  5 worms
  2 dart slugs (D:2)
  7 leopard geckos
  30 orcs
  A ball python (D:3)
  6 giant cockroaches
  3 gnoll zombies (Ossuary)
  9 goblins
  11 hobgoblins
  4 jackals
  2 quokkas
  15 bats
  5 frilled lizards
  3 gnoll skeletons (Ossuary)
  2 goblin zombies (Ossuary)
  A hobgoblin skeleton (Ossuary)
  2 hobgoblin zombies (Ossuary)
  A jackal skeleton (D:8)
  13 kobolds
  2 kobold skeletons (Ossuary)
  3 kobold zombies (Ossuary)
  A leopard gecko zombie (D:6)
  3 orc skeletons (Ossuary)
  2 orc zombies (Ossuary)
  8 rats
  A rat skeleton (Ossuary)
  3 rat zombies (Ossuary)
  A fungus (Lair:5)
451 creatures vanquished.

Vanquished Creatures (collateral kills)
  Rupert (Lair:4)
  Gastronok (Lair:3)
  4 hydras
  A two-headed ogre (D:8)
  2 death yaks
  A wolf spider (Lair:2)
  9 elephants
  A black mamba (Lair:6)
  7 spiny frogs
  4 komodo dragons
  2 rime drakes (Lair:2)
  4 hippogriffs
  5 yaks
  Grum (D:10)
  2 wargs (D:10)
  2 water moccasins
  3 porcupines
  An orc warrior (D:10)
  A black bear (Lair:6)
  3 necrophages (Lair:3)
  A boggart (Lair:6)
  4 wolves
  3 crocodiles
  A big kobold (D:9)
  A killer bee (D:9)
  A wight (D:10)
  An orc wizard (D:11)
  An adder (D:9)
  2 orcs
  A plant (Lair:4)
71 creatures vanquished.

Vanquished Creatures (others)
  A blink frog (Abyss:3)
  4 golden eyes (Abyss:3)
  Menkaure (Ossuary)
  7 small abominations (Abyss:3)
  2 large abominations (Abyss:3)
  An ice dragon simulacrum (Abyss:3)
  3 mummies (Ossuary)
  A gnoll skeleton (Ossuary)
  6 goblin skeletons (Ossuary)
  A goblin zombie (Ossuary)
  3 hobgoblin skeletons (Ossuary)
  A hobgoblin zombie (Ossuary)
  A kobold skeleton (Ossuary)
  A kobold zombie (Ossuary)
  3 orc skeletons (Ossuary)
  7 orc zombies (Ossuary)
  A rat skeleton (Ossuary)
  A bush (Lair:6)
  39 fungi
  2 lurking horrors (Abyss:3)
  51 plants
  2 starspawn tentacles (Abyss:3)
139 creatures vanquished.

Grand Total: 661 creatures vanquished

Notes
Turn   | Place    | Note
-------+----------+-------------------------------------------
     0 | D:1      | Jannitor the Naga Ice Elementalist began the quest for the Orb.
     0 | D:1      | Reached XP level 1. HP: 15/15 MP: 3/3
   157 | D:1      | Reached XP level 2. HP: 16/22 MP: 0/5
   644 | D:1      | Reached XP level 3. HP: 25/28 MP: 4/6
  1396 | D:2      | Reached XP level 4. HP: 36/36 MP: 4/7
  1699 | D:2      | Reached skill level 5 in Stealth
  2230 | D:2      | Found a snail-covered altar of Cheibriados.
  2230 | D:2      | Found a bloodstained altar of Trog.
  2233 | D:2      | Became a worshipper of Cheibriados the Contemplative
  2436 | D:3      | Noticed letownia's ghost (amateur OpTm)
  2898 | D:3      | Found a glowing silver altar of Zin.
  2985 | D:4      | Reached XP level 5. HP: 38/42 MP: 4/8
  3053 | D:4      | Learned a level 3 spell: Ozocubu's Armour
  3075 | D:4      | Reached skill level 1 in Invocations
  3143 | D:3      | Found a shimmering altar of Xom.
  3159 | D:3      | Reached * piety under Cheibriados
  3638 | D:4      | Reached XP level 6. HP: 49/49 MP: 4/9
  3696 | D:4      | Found a sacrificial altar of Ru.
  3708 | D:4      | Reached skill level 5 in Ice Magic
  3715 | D:4      | Reached ** piety under Cheibriados
  4453 | D:5      | Entered Level 5 of the Dungeon
  4463 | D:5      | Learned a level 4 spell: Throw Icicle
  4484 | D:5      | Noticed Edmund
  4507 | D:5      | Killed Edmund
  4507 | D:5      | Reached XP level 7. HP: 16/55 MP: 1/10
  4664 | D:5      | Noticed letownia's ghost (weakling OpTm)
  4842 | D:5      | Noticed Sigmund
  4851 | D:5      | Killed Sigmund
  5026 | D:5      | Found a shadowy altar of Dithmenos.
  5069 | D:5      | Got a heavily runed ring mail
  5073 | D:5      | Identified the +1 ring mail of the Gravedigger {Str+6 Int-3} (You found it on level 5 of the Dungeon)
  5285 | D:5      | Noticed a wyvern
  5293 | D:5      | HP: 3/82 [centaur (4)]
  5296 | D:5      | Killed a wyvern
  5296 | D:5      | Reached XP level 8. HP: 4/62 MP: 0/11
  5763 | D:5      | Reached skill level 5 in Invocations
  5972 | D:6      | Reached skill level 1 in Fighting
  6032 | D:6      | Learned a level 4 spell: Summon Ice Beast
  6190 | D:6      | Found a staircase to the Ecumenical Temple.
  6401 | D:6      | Reached *** piety under Cheibriados
  6625 | D:6      | Reached XP level 9. HP: 40/74 MP: 2/14
  7211 | D:7      | Learned a level 3 spell: Regeneration
  7248 | D:7      | Found a sparkling altar of Nemelex Xobeh.
  7279 | D:7      | Found a shattered altar of Ashenzari.
  7341 | D:7      | Reached skill level 1 in Charms
  7405 | D:7      | Found a sand-covered staircase.
  7409 | Ossuary  | Entered an ossuary
  7501 | Ossuary  | Killed Menkaure
  7653 | Ossuary  | Reached **** piety under Cheibriados
  8325 | D:8      | Reached skill level 1 in Staves
  8464 | D:8      | Noticed a two-headed ogre
  8473 | D:8      | Killed a two-headed ogre
  8786 | D:8      | Reached XP level 10. HP: 87/87 MP: 11/16
  8931 | D:8      | Found a hazy altar of Hepliaklqana.
  9086 | D:8      | Noticed Joseph
  9541 | D:8      | Killed Joseph
 10424 | D:8      | Gained mutation: You are occasionally teleported next to monsters. [mutagenic meat]
 10425 | D:8      | Gained mutation: You have a beak for a mouth. [mutagenic meat]
 10427 | D:8      | Gained mutation: You are sometimes teleported next to monsters. [mutagenic meat]
 10429 | D:8      | Gained mutation: You are partially covered in thin metallic scales. (AC +2) [mutagenic meat]
 10543 | D:9      | Reached skill level 5 in Fighting
 10777 | D:9      | Reached ***** piety under Cheibriados
 10778 | D:9      | Reached skill level 5 in Spellcasting
 11672 | D:10     | Entered Level 10 of the Dungeon
 11775 | D:10     | Reached skill level 1 in Summonings
 11938 | D:10     | Noticed Harold
 12188 | D:10     | Found a staircase to the Lair.
 12191 | D:10     | Noticed Grum
 12196 | D:10     | Killed Grum
 12196 | D:10     | Reached XP level 11. HP: 59/97 MP: 10/19
 12374 | D:10     | Found Milaote's Food Emporium.
 13726 | D:10     | Killed Harold
 13913 | D:10     | Gained mutation: Your muscles are strong. (Str +2) [mutagenic meat]
 13914 | D:10     | Gained mutation: Your spells are a little easier to cast, but a little less powerful. [mutagenic meat]
 13915 | D:10     | Gained mutation: You are partially covered in molten scales. (AC +2) [mutagenic meat]
 13916 | D:10     | Gained mutation: Your spells are easier to cast, but less powerful. [mutagenic meat]
 13917 | D:10     | Lost mutation: Your spells are easier to cast, but less powerful. [mutagenic meat]
 13918 | D:10     | Lost mutation: Your muscles are strong. (Str +2) [mutagenic meat]
 14023 | D:11     | Noticed a five-headed hydra
 14032 | D:11     | Killed a five-headed hydra
 14032 | D:11     | Reached skill level 5 in Staves
 14337 | D:10     | Noticed an unseen horror
 14343 | D:10     | Killed an unseen horror
 14399 | Lair:1   | Entered Level 1 of the Lair of Beasts
 15327 | Lair:1   | Noticed a seven-headed hydra
 15333 | Lair:1   | Killed a seven-headed hydra
 15764 | Lair:2   | Reached ****** piety under Cheibriados
 16218 | Lair:2   | Found a hole to the Spider Nest.
 16219 | Lair:2   | Noticed a wolf spider
 16569 | Lair:2   | Reached XP level 12. HP: 109/109 MP: 5/22
 17686 | Lair:3   | Noticed Nergalle
 17707 | Lair:2   | Killed Nergalle
 17889 | Lair:3   | Reached skill level 1 in Armour
 18405 | Lair:3   | Noticed a five-headed hydra
 18411 | Lair:3   | Killed a five-headed hydra
 18431 | Lair:3   | Noticed a seven-headed hydra
 18436 | Lair:3   | Noticed Gastronok
 18437 | Lair:3   | Killed a seven-headed hydra
 18437 | Lair:3   | Reached skill level 10 in Invocations
 18656 | Lair:3   | Noticed a four-headed hydra
 18663 | Lair:3   | Killed a four-headed hydra
 18759 | Lair:3   | Killed Gastronok
 19547 | Lair:3   | Gained mutation: You can use your snake-like lower body to constrict enemies. [Naga growth]
 19547 | Lair:3   | Reached XP level 13. HP: 92/117 MP: 12/24
 20559 | Lair:4   | Found a staircase to the Shoals.
 20574 | Lair:4   | Noticed Rupert
 20585 | Lair:4   | Killed Rupert
 21658 | Lair:4   | Reached skill level 5 in Conjurations
 21965 | Lair:4   | Reached skill level 5 in Dodging
 21978 | Lair:4   | Lost mutation: Your spells are a little easier to cast, but a little less powerful. [potion of mutation]
 21978 | Lair:4   | Lost mutation: You are sometimes teleported next to monsters. [potion of mutation]
 21978 | Lair:4   | Lost mutation: You are occasionally teleported next to monsters. [potion of mutation]
 21978 | Lair:4   | Lost mutation: You are partially covered in molten scales. (AC +2) [potion of mutation]
 21978 | Lair:4   | Gained mutation: You possess an exceptional clarity of mind. [potion of mutation]
 21978 | Lair:4   | Gained mutation: You can exhale a cloud of poison. [potion of mutation]
 21978 | Lair:4   | Gained mutation: You are partially covered in slimy green scales. (AC +2) [potion of mutation]
 22276 | Lair:5   | Found a staircase to the Slime Pits.
 22276 | Lair:5   | Found a viscous altar of Jiyva.
 23103 | Lair:6   | Entered Level 6 of the Lair of Beasts
 23122 | Lair:6   | Reached XP level 14. HP: 128/128 MP: 23/26
 23510 | Lair:6   | Reached skill level 5 in Armour
 24896 | Lair:6   | Reached skill level 10 in Fighting
 24958 | Lair:6   | Cast into level 3 of the Abyss (the power of Zot)
 24958 | Abyss:3  | Found a transporter.
 24959 | Abyss:3  | Noticed a shadow dragon
 24959 | Abyss:3  | Noticed a Hell Sentinel
 24959 | Abyss:3  | Noticed a balrug
 24959 | Abyss:3  | Noticed a lorocyproca
 26574 | Abyss:3  | Reached skill level 10 in Stealth
 26634 | Abyss:3  | Noticed a lich
 26638 | Abyss:3  | HP: 5/105 [lich/bolt of fire (67)]
 26640 | Abyss:3  | Noticed a red very ugly thing
 26643 | Abyss:3  | Noticed a red very ugly thing
 26648 | Abyss:3  | HP: 5/105 [burnt (2)]
 27036 | Abyss:3  | Noticed a starcursed mass
 27038 | Abyss:3  | Noticed a tentacled starspawn
 27051 | Abyss:3  | Noticed a bone dragon
 27065 | Abyss:3  | Noticed a starcursed mass
 27082 | Abyss:3  | Noticed a ghost moth
 27112 | Abyss:3  | Killed a ghost moth
 27114 | Abyss:3  | Noticed a tentacled starspawn
 27115 | Abyss:3  | Slain by a bone dragon

Skill      XL: |  1  2  3  4  5  6  7  8  9 10 11 12 13 14 |
---------------+-------------------------------------------+-----
Stealth        | 4 5 6 7 9 11 | 11.8
Ice Magic      | 4 5 6 7 8 |  8.4
Invocations    | 1 3 4 5 7 8 9 10 11 | 11.1
Fighting       | 2 4 5 7 8 9 10 | 10.1
Spellcasting   | 3 4 5 6 7 8 9 |  9.4
Charms         | 2 4 |  4.2
Staves         | 2 4 6 7 8 9 |  9.5
Summonings     | 1 3 |  3.3
Conjurations   | 2 4 5 |  5.6
Dodging        | 2 4 5 6 |  6.3
Armour         | 3 4 5 |  5.8

Action                   |  1- 3 |  4- 6 |  7- 9 | 10-12 | 13-15 || total
-------------------------+-------+-------+-------+-------+-------++-------
Melee: Unarmed           |    13 |       |       |       |       ||    13
       Dagger            |     2 |       |       |       |       ||     2
       Quarterstaff      |       |    42 |   145 |   276 |   316 ||   779
       Peck              |       |       |       |   105 |   163 ||   268
       Constrict         |       |       |       |       |    67 ||    67
 Cast: Freeze            |    59 |   102 |   158 |   265 |    44 ||   628
       Ozocubu's Armour  |       |     1 |    12 |    50 |    39 ||   102
       Summon Ice Beast  |       |       |     3 |    67 |    37 ||   107
       Throw Icicle      |       |       |       |    62 |   130 ||   192
       Regeneration      |       |       |       |     7 |    33 ||    40
Invok: Bend Time         |       |     1 |     2 |     5 |     1 ||     9
       Temporal Distorti |       |       |     1 |     2 |       ||     3
       Step From Time    |       |       |       |       |     6 ||     6
 Abil: Spit Poison       |       |       |     5 |    13 |     2 ||    20
       Breathe Poison Ga |       |       |       |       |    19 ||    19
Evoke: Wand              |       |       |       |     1 |       ||     1
       Box of beasts     |       |       |       |       |     4 ||     4
  Use: Potion            |       |     3 |     6 |     6 |     7 ||    22
       Scroll            |       |       |    10 |     9 |    14 ||    33
 Stab: Sleeping          |       |     3 |     5 |     5 |       ||    13
       Distracted        |       |       |     2 |     8 |     9 ||    19
  Eat: Chunk             |     1 |     8 |    10 |    35 |    14 ||    68
       Bread ration      |       |       |       |     1 |       ||     1
       Meat ration       |       |       |       |       |     1 ||     1
Armor: Robe              |    12 |    49 |    42 |    88 |   286 ||   477
       Skin              |       |       |    10 |       |       ||    10
       Leather armour    |       |       |    87 |   299 |       ||   386
Dodge: Dodged            |    37 |    66 |   181 |   423 |   349 ||  1056
